 Dungeon Crawl Stone Soup version 0.19.5 (webtiles) character file.

675 Yousuki the Skirmisher (level 7, 0/63 HPs)
             Began as a Minotaur Berserker on May 29, 2017.
             Was a Believer of Trog.
             Slain by a hound (5 damage)
             ... on level 4 of the Dungeon.
             The game lasted 00:14:13 (2435 turns).

Yousuki the Skirmisher (Minotaur Berserker)         Turns: 2435, Time: 00:14:14

Health: 0/63       AC:  7    Str: 23    XL:     7   Next: 33%
Magic:  6/6        EV: 12    Int:  4    God:    Trog [**....]
Gold:   85         SH:  0    Dex: 10    Spells: 0 memorised, 6 levels left

rFire  + . .     SeeInvis .     z - -1 dagger (curse)
rCold  . . .     Gourm    .     m - +0 ring mail
rNeg   . . .     Faith    .     (no shield)
rPois  .         Spirit   .     (helmet restricted)
rElec  .         Reflect  .     t - +0 cloak {+Inv}
rCorr  .         Harm     .     (no gloves)
MR     .....                    (no boots)
Stlth  ..........               (no amulet)
                                n - +5 ring of slaying
                                h - ring of protection from fire

@: confused
A: retaliatory headbutt, horns 2
a: Berserk, Trog's Hand, Burn Spellbooks, Renounce Religion, Evoke Invisibility


You were on level 4 of the Dungeon.
You worshipped Trog.
Trog was pleased with you.
You were near starving.

You visited 1 branch of the dungeon, and saw 4 of its levels.

You collected 85 gold pieces.

Inventory:

Hand Weapons
 a - a +0 spear
 o - a +0 flail
 z - a cursed -1 dagger (weapon)
Armour
 b - a +0 animal skin
 m - a +0 ring mail (worn)
 t - a +0 cloak of invisibility (worn)
Jewellery
 h - a ring of protection from fire (left hand)
 n - a +5 ring of slaying (right hand)
 y - an uncursed ring of magical power {unknown}
Wands
 x - a wand of confusion (29/48)
Scrolls
 d - a scroll of recharging {unknown}
 f - 3 scrolls of identify {unknown}
 g - 2 scrolls of random uselessness {unknown}
 i - a scroll of blinking {unknown}
 r - a scroll of remove curse {unknown}
 s - a scroll of immolation {unknown}
 u - a scroll of noise {unknown}
 v - a scroll of amnesia {unknown}
 w - a scroll of enchant weapon {unknown}
Potions
 e - a potion of mutation {unknown}
 j - 2 potions of brilliance {unknown}
 l - 3 potions of curing {unknown}
Comestibles
 c - 2 bread rations
 k - 2 meat rations
 p - a beef jerky
 q - a slice of pizza
 A - 4 fruits


   Skills:
 + Level 6.0 Fighting
 + Level 0.9 Short Blades
 + Level 4.6 Maces & Flails
 + Level 5.0 Polearms
 + Level 4.1 Armour
 + Level 3.8 Dodging
 + Level 1.7 Stealth


You had 6 spell levels left.
You didn't know any spells.

Dungeon Overview and Level Annotations

Branches:
Dungeon (4/15)
 Temple: D:4-7

Altars:
Elyvilon
Fedhas
Okawaru
The Shining One


Innate Abilities, Weirdness & Mutations

You reflexively headbutt those who attack you in melee.
You have a pair of horns on your head.


Message History

* * * LOW HITPOINT WARNING * * *
You hear some strange, mumbled words.
Something tries to affect you, but you resist.
The hound bites you but does no damage.
A hound comes into view.
You are too injured to fight recklessly!
You are too injured to fight recklessly!
You bump into the rock wall.
The hound closely misses you.
You hear some strange, mumbled words.
You are more confused.
You bump into the rock wall.
The hound misses you. The phantom hits you.
* * * LOW HITPOINT WARNING * * *
The hound closely misses you.
The phantom blinks!
The hound closely misses you.
The phantom blinks!
Something hits you.
* * * LOW HITPOINT WARNING * * *
You hit the hound.
The hound is severely wounded.
The hound bites you.
You die...

............. ..
............ ..O
#.....)_..##...
#.............
####.W..8......#
#..............
#....._.....# .
#...ยง.....@h# ..#
#........{h## #...#
##.....##O)###..h..#
#....####.).......#
#....# ######.....
#....# ###...##
#....## .... #
#<....## ##..# .#.
#....<.####...# ....


You could see a phantom, 2 ogres and 2 hounds.

Vanquished Creatures
  The ghost of Azzok the Archer, an amateur CeHu (D:3)
  An ogre (D:4)
  A howler monkey (D:4)
  A bullfrog skeleton (D:4)
  3 orc priests
  A hound (D:4)
  2 orc wizards (D:4)
  Terence (D:3)
  3 gnolls (D:3)
  3 adders
  3 worms
  3 leopard geckos
  7 orcs
  10 bats
  3 giant cockroaches
  5 goblins
  4 hobgoblins
  4 kobolds
  A quokka (D:3)
  A ball python (D:1)
  4 frilled lizards
  3 rats
65 creatures vanquished.

Notes
Turn   | Place    | Note
-------+----------+-------------------------------------------
     0 | D:1      | Yousuki the Minotaur Berserker began the quest for the Orb.
     0 | D:1      | Reached XP level 1. HP: 19/19 MP: 0/0
   212 | D:1      | Reached skill level 4 in Fighting
   257 | D:1      | Reached XP level 2. HP: 24/27 MP: 1/1
  1142 | D:2      | Reached XP level 3. HP: 25/33 MP: 2/2
  1283 | D:2      | Reached ** piety under Trog
  1342 | D:2      | Found a faded altar of an unknown god.
  1342 | D:2      | Found a faded altar of an unknown god.
  1347 | D:2      | Found a glowing golden altar of the Shining One.
  1349 | D:2      | Found a faded altar of an unknown god.
  1350 | D:2      | Found a faded altar of an unknown god.
  1738 | D:3      | Reached XP level 4. HP: 32/41 MP: 3/3
  1755 | D:3      | Reached skill level 1 in Maces & Flails
  1756 | D:3      | Noticed Terence
  1761 | D:3      | Killed Terence
  1761 | D:3      | Reached skill level 1 in Stealth
  1835 | D:3      | Noticed Azzok's ghost (amateur CeHu)
  1846 | D:3      | Killed Azzok's ghost
  1846 | D:3      | Reached skill level 5 in Fighting
  1846 | D:3      | Reached XP level 5. HP: 7/48 MP: 4/4
  1846 | D:3      | Reached XP level 6. HP: 8/56 MP: 5/5
  2204 | D:3      | Found a blossoming altar of Fedhas.
  2384 | D:4      | Found an iron altar of Okawaru.
  2388 | D:4      | Found a white marble altar of Elyvilon.
  2408 | D:4      | Reached XP level 7. HP: 62/62 MP: 6/6
  2411 | D:4      | Reached skill level 5 in Polearms
  2428 | D:4      | Reached skill level 6 in Fighting
  2435 | D:4      | Slain by a hound

Skill      XL: |  1  2  3  4  5  6  7 |
---------------+----------------------+-----
Fighting       | 4 5 6 |  6.0
Polearms       | 4 5 |  5.0
Maces & Flails | 3 4 |  4.6
Armour         | 3 4 |  4.1
Stealth        | 1 |  1.7
Dodging        | 3 |  3.8
Short Blades   | |  0.9

Action                   |  1- 3 |  4- 6 |  7- 9 || total
-------------------------+-------+-------+-------++-------
Melee: Spear             |    49 |       |       ||    49
       Headbutt          |     8 |    17 |     2 ||    27
       Flail             |    25 |    34 |       ||    59
       Dagger            |       |    27 |    20 ||    47
Invok: Berserk           |       |     1 |       ||     1
  Eat: Bread ration      |     1 |       |       ||     1
Armor: Animal skin       |     8 |       |       ||     8
       Ring mail         |    17 |    14 |    11 ||    42
Dodge: Dodged            |    46 |    29 |    14 ||    89
